 Dungeon Crawl Stone Soup version 0.29-a0-334-gb41bcbb86e (webtiles) character file.

Game seed: 13495548262715385127

51 rageheart7 the Sneak (level 3, -4/30 HPs)
             Began as a Merfolk Delver on Apr 14, 2022.
             Slain by an elf zombie (6 damage)
             ... in an ossuary.
             The game lasted 00:02:24 (848 turns).

rageheart7 the Sneak (Merfolk Delver)                Turns: 848, Time: 00:02:25

Health: -4/30      AC:  3    Str: 14    XL:     3   Next: 83%
Magic:  3/3        EV: 12    Int:  9    God:
Gold:   42         SH:  0    Dex: 15    Spells: 2/2 levels left

rFire   . . .      SeeInvis .   a - +0 spear
rCold   . . .      Faith    .   (no shield)
rNeg    . . .      Spirit   .   b - +0 leather armour
rPois   .          Reflect  .   (no helmet)
rElec   .          Harm     .   (no cloak)
rCorr   .          Rampage  .   (no gloves)
Will    .....                   (no boots)
Stlth   +++.......              (no amulet)
HPRegen 0.10/turn               (no ring)
MPRegen 0.08/turn               (no ring)

@: no status effects
A: (nimble swimmer 2), mertail
a: no special abilities


You were in an ossuary.
You visited 1 branch of the dungeon, and saw 2 of its levels.
You also visited: Ossuary.

You collected 42 gold pieces.

Inventory:

Hand Weapons
 a - a +0 spear (weapon)
Armour
 b - a +0 leather armour (worn)
Wands
 g - a wand of digging (3)
Scrolls
 c - a scroll of fog
 d - a scroll of magic mapping
 e - a scroll of fear
 i - 2 scrolls of teleportation {unknown}
 j - 2 scrolls of immolation {unknown}
 k - a scroll of identify {unknown}
 m - a scroll of holy word {unknown}


   Skills:
 * Level 4.3 Fighting
 * Level 4.2 Polearms
 - Level 2.6 Dodging
 - Level 5.4 Stealth


You had 2 spell levels left.
You didn't know any spells.
Your spell library contained the following spells:

 Spells                   Type           Power      Damage    Failure   Level
 Static Discharge         Conj/Air       0%         N/A       61%         2
 Lightning Bolt           Conj/Air       0%         1d11      100%        5
 Maxwell's Capacitive Co  Air            0%         ∞         100%        8


Dungeon Overview and Level Annotations

Branches:
Dungeon (5/15)            Ossuary (1/1)
 Temple: D:4-7

Altars:


Innate Abilities, Weirdness & Mutations

((You are very nimble when in or above water. (Stealth+, EV+, Speed+++)))
Your lower body shifts to a powerful aquatic tail in water.


Message History

The elf zombie barely misses you.
You aren't carrying any potions.
There is a gate leading back out of this place here.
There is an empty arch of ancient stone here.
The orc zombie hits you but does no damage.
You hit the orc zombie.
The orc zombie is moderately damaged.
You barely miss the orc zombie.
The orc zombie is moderately damaged.
The orc zombie closely misses you.
You hit the orc zombie.
The orc zombie is heavily damaged.
The orc zombie hits you but does no damage.
You hit the orc zombie.
You destroy the orc zombie!
You start resting.
An elf zombie is nearby!
Reach: a) +0 spear
Press: ? - help, Dir - move target, f - elf zombie
Aim: an elf zombie (heavily damaged, about 35% to evade your +0 spear)
You reach to attack!
You barely miss the elf zombie.
The elf zombie is heavily damaged.
Unknown command.
You hit the elf zombie.
The elf zombie is heavily damaged.
The elf zombie hits you.
* * * LOW HITPOINT WARNING * * *
You hit the elf zombie.
The elf zombie is heavily damaged.
You closely miss the elf zombie.
The elf zombie is heavily damaged.
The elf zombie closely misses you.
You hit the elf zombie.
The elf zombie is heavily damaged.
The elf zombie hits you!
* * * LOW HITPOINT WARNING * * *
You hit the elf zombie but do no damage.
The elf zombie is heavily damaged.
The elf zombie hits you.
You die...

#......########......#
#...#### ####...#
#..## ##..# #..# +..#
#..## ##..# #...####
####...#
#......########......#
#....................#
#.........Z@.........#
#......########......#
#...#### ####...#
#..## ##..# #.. #..#
#.. ..# # .#


You could see an elf zombie.

Vanquished Creatures
  An adder zombie (Ossuary)
  A dart slug (D:4)
  A giant cockroach (D:4)
  A kobold (D:4)
  A goblin (D:4)
  3 goblin zombies (Ossuary)
  A hobgoblin zombie (Ossuary)
  A jackal zombie (Ossuary)
  2 kobold zombies (Ossuary)
  An orc zombie (Ossuary)
  A quokka zombie (Ossuary)
  3 rat zombies (Ossuary)
17 creatures vanquished.

Vanquished Creatures (collateral kills)
  A centaur zombie (Ossuary)
1 creature vanquished.

Grand Total: 18 creatures vanquished

Notes
Turn   | Place    | Note
-------+----------+-------------------------------------------
     0 | D:5      | rageheart7 the Merfolk Delver began the quest for the Orb.
     0 | D:5      | Reached XP level 1. HP: 18/18 MP: 1/1
   315 | D:4      | Found a sand-covered staircase.
   320 | Ossuary  | Entered an ossuary
   369 | Ossuary  | Reached XP level 2. HP: 24/24 MP: 2/2
   436 | Ossuary  | Reached XP level 3. HP: 4/30 MP: 3/3
   848 | Ossuary  | Slain by an elf zombie

Illustrated notes

Levels and vault maps discovered:
D:4:      layout_cave_pools, lemuel_coloured_pillars_altar, kennysheep_mini,
          enter_ossuary_5, kennysheep_generic_room_6, uniq_edmund
D:5:      layout_basic, minmay_temple_entry_trees, nrook_campfire,
          chequers_serial_rivers_micro_d, uniq_menkaure
Ossuary:  minmay_ossuary_two_tombs

Skill      XL: |  1  2 |
---------------+-------+-----
Polearms       | 3 4 |  4.2
Fighting       | 4 |  4.3
Dodging        | |  2.6
Stealth        | |  5.4

Action                   || total
-------------------------++-------
Melee: Spear             ||   101
       Punch             ||     1
  Use: Potion            ||     2
       Scroll            ||     1
 Stab: Sleeping          ||     3
Armor: Leather armour    ||    27
Dodge: Dodged            ||    54

Table legend: (Time is in decaauts)
 A = Elapsed time spent in this place.
 B = Non-inter-level travel time spent in this place.
 C = Inter-level travel time spent in this place.
 D = Time resting spent in this place.
 E = Time spent auto-exploring this place.
 F = Levels seen in this place.
 G = Mean time per level.
                   A        B        C        D        E       F      G
               +--------+--------+--------+--------+--------+-----+--------+
         Total |    820 |    820 |      0 |     14 |    554 |   3 |  273.3 |
       Dungeon |    319 |    319 |      0 |      0 |    247 |   2 |  159.5 |
       Ossuary |    501 |    501 |      0 |     14 |    307 |   1 |  501.0 |
               +--------+--------+--------+--------+--------+-----+--------+

Top non-repeatable levels by time:
 Ossuary: 501 daAuts
     D:4: 176 daAuts
     D:5: 143 daAuts
